MAA
SEATTLE TERNS @ SAN BERNARDINO GRASSHOPPERS
08/12/2018
 
TOP OF THE 1ST
Seattle Terns batting - Pitching for San Bernardino Grasshoppers : RHP Louis Webber
Pitching: RHP Louis Webber
Batting: LHB Fred Cobb 0-0: Called Strike
0-1: Called Strike
0-2: Fly out, F8 (Flyball, 8RM)
Batting: RHB Dustin O'Quinlevan 0-0: Ball
1-0: Ball
2-0: Foul Ball, location: 2F
Single, Error in OF, E7, batter to second base
Batting: LHB Timmy Appeldoorn 0-0: Called Strike
0-1: Ball
1-1: SINGLE (Flyball, 89S)
Dustin O'Quinlevan to third
Batting: LHB Juan Hernández 0-0: Ball
1-0: Foul Ball, location: 2F
1-1: Foul Ball, location: 2F
1-2: Strikes out swinging
Batting: RHB Hank Kenney 0-0: Ball
1-0: Swinging Strike
1-1: Ball
2-1: SINGLE (Groundball, 6MD)
Dustin O'Quinlevan scores
Timmy Appeldoorn to second
Batting: RHB Curt Pope 0-0: Ball
1-0: Swinging Strike
1-1: Swinging Strike
1-2: Foul Ball, location: 2F
1-2: Ball
2-2: Foul Ball, location: 2F
2-2: Foul Ball, location: 2F
2-2: Ball
3-2: Fly out, F2 (Popup, 2LF)
Top of the 1st over - 1 run(s), 3 hit(s), 1 error(s), 2 left on base; Seattle 1 - San Bernardino 0
BOTTOM OF THE 1ST
San Bernardino Grasshoppers batting - Pitching for Seattle Terns : RHP Jorge Rivas
Pitching: RHP Jorge Rivas
Batting: RHB Shawn Hicks 0-0: Bunt for hit - play at first, batter OUT! 1-4
Batting: RHB Sergio García 0-0: Ball
1-0: Called Strike
1-1: Hit by Pitch
Batting: LHB Barton McCann 0-0: Called Strike
0-1: Ball
1-1: Foul Ball, location: 2F
1-2: Strikes out swinging
Batting: RHB Reggie Kahn 0-0: DOUBLE (Flyball, 89XD)
Sergio García to third
Runner from 3rd tries for Home, SAFE, throw made home
Batting: RHB Dave Nichols 0-0: Called Strike
0-1: Ground out 4-3 (Groundball, 4M)
Bottom of the 1st over - 1 run(s), 1 hit(s), 0 error(s), 1 left on base; Seattle 1 - San Bernardino 1
TOP OF THE 2ND
Seattle Terns batting - Pitching for San Bernardino Grasshoppers : RHP Louis Webber
Batting: RHB David Ramírez 0-0: Ball
1-0: Ball
2-0: Ball
3-0: Called Strike
3-1: Swinging Strike
3-2: Base on Balls
Batting: RHB Don McCord 0-0: Ball
1-0: Foul Ball, location: 2F
1-1: Swinging Strike
1-2: Ball
2-2: Fielders Choice at 2nd, 6-4 (Groundball, 6)
Batting: LHB Wilson Horton 0-0: Fly out, F7 (Flyball, 78M)
Batting: LHB Fred Cobb 0-0: Called Strike
0-1: Foul Ball, location: 2F
0-2: Foul Ball, location: 2F
0-2: Fielders Choice at 2nd, U6 (Groundball, 6M)
Top of the 2nd over - 0 run(s), 0 hit(s), 0 error(s), 1 left on base; Seattle 1 - San Bernardino 1
BOTTOM OF THE 2ND
San Bernardino Grasshoppers batting - Pitching for Seattle Terns : RHP Jorge Rivas
Batting: RHB Chris Smith 0-0: Called Strike
0-1: Called Strike
0-2: Strikes out swinging
Batting: RHB Ron Clark 0-0: Ball
1-0: Called Strike
1-1: Ball
2-1: Foul Ball, location: 2F
2-2: Foul Ball, location: 2F
2-2: Ball
3-2: Strikes out swinging
Batting: RHB Iván Miranda 0-0: Called Strike
0-1: Ball
1-1: Fly out, F8 (Flyball, 8LM)
Bottom of the 2nd over - 0 run(s), 0 hit(s), 0 error(s), 0 left on base; Seattle 1 - San Bernardino 1
TOP OF THE 3RD
Seattle Terns batting - Pitching for San Bernardino Grasshoppers : RHP Louis Webber
Batting: RHB Dustin O'Quinlevan 0-0: Ball
1-0: SINGLE (Line Drive, 8LS)
Batting: LHB Timmy Appeldoorn 0-0: Ball
1-0: Swinging Strike
1-1: Ball
2-1: Foul Ball, location: 2F
2-2: Strikes out swinging
Dustin O'Quinlevan steals 2nd base
Batter strikes out.
Batting: LHB Juan Hernández 0-0: Called Strike
0-1: SINGLE (Groundball, 5D)
Dustin O'Quinlevan to third
Runner from 3rd tries for Home, SAFE, no throw or cutoff
Batting: RHB Hank Kenney 0-0: Ball
1-0: Called Strike
1-1: Ball
2-1: Foul Ball, location: 2F
2-2: Strikes out swinging
Batting: RHB Curt Pope 0-0: Ground out 5-3 (Groundball, 5S)
Top of the 3rd over - 1 run(s), 2 hit(s), 0 error(s), 1 left on base; Seattle 2 - San Bernardino 1
BOTTOM OF THE 3RD
San Bernardino Grasshoppers batting - Pitching for Seattle Terns : RHP Jorge Rivas
Batting: RHB Justin Roberts 0-0: Ball
1-0: Called Strike
1-1: Fly out, F8 (Flyball, 8RM)
Batting: RHB Shawn Hicks 0-0: Swinging Strike
0-1: Swinging Strike
0-2: Ball
1-2: Ball
2-2: Fly out, F3 (Popup, 3SF)
Batting: RHB Sergio García 0-0: Swinging Strike
0-1: Foul Ball, location: 2F
0-2: Ball
1-2: Foul Ball, location: 2F
1-2: Ball
2-2: Ball
3-2: SINGLE (Line Drive, 8RS)
Batting: LHB Barton McCann 0-0: Swinging Strike
0-1: Fly out, F7 (Flyball, 7M)
Bottom of the 3rd over - 0 run(s), 1 hit(s), 0 error(s), 1 left on base; Seattle 2 - San Bernardino 1
TOP OF THE 4TH
Seattle Terns batting - Pitching for San Bernardino Grasshoppers : RHP Louis Webber
Batting: RHB David Ramírez 0-0: Foul Ball, location: 2F
0-1: Foul Ball, location: 2F
0-2: Foul Ball, location: 2F
0-2: SINGLE (Groundball, 56D)
Batting: RHB Don McCord 0-0: Ball
1-0: Fielders Choice at 2nd, 4-6 (Groundball, 4)
Batting: LHB Wilson Horton 0-0: Ball
1-0: Foul Ball, location: 2F
1-1: Called Strike
1-2: Strikes out swinging
Batting: LHB Fred Cobb 0-0: Called Strike
0-1: Ball
1-1: Foul Ball, location: 2F
1-2: Ball
Don McCord is caught stealing 2nd base
Top of the 4th over - 0 run(s), 1 hit(s), 0 error(s), 0 left on base; Seattle 2 - San Bernardino 1
BOTTOM OF THE 4TH
San Bernardino Grasshoppers batting - Pitching for Seattle Terns : RHP Jorge Rivas
Batting: RHB Reggie Kahn 0-0: Called Strike
0-1: Foul Ball, location: 2F
0-2: Ball
1-2: Ball
2-2: Ball
3-2: Fly out, F4 (Popup, 4MD)
Batting: RHB Dave Nichols 0-0: Called Strike
0-1: Ball
1-1: Ball
2-1: Ball
3-1: Fly out, F6 (Popup, 6M)
Batting: RHB Chris Smith 0-0: Called Strike
0-1: Ground out U3 (Groundball, 3)
Bottom of the 4th over - 0 run(s), 0 hit(s), 0 error(s), 0 left on base; Seattle 2 - San Bernardino 1
TOP OF THE 5TH
Seattle Terns batting - Pitching for San Bernardino Grasshoppers : RHP Louis Webber
Batting: LHB Fred Cobb 0-0: Called Strike
0-1: Ground out 6-3 (Groundball, 6)
Batting: RHB Dustin O'Quinlevan 0-0: Called Strike
0-1: Ball
1-1: Swinging Strike
1-2: Ball
2-2: Strikes out swinging
Batting: LHB Timmy Appeldoorn 0-0: Fly out, F9 (Flyball, 89XD)
Top of the 5th over - 0 run(s), 0 hit(s), 0 error(s), 0 left on base; Seattle 2 - San Bernardino 1
BOTTOM OF THE 5TH
San Bernardino Grasshoppers batting - Pitching for Seattle Terns : RHP Jorge Rivas
Batting: RHB Ron Clark 0-0: Ball
1-0: Fly out, F9 (Line Drive, 89S)
Batting: RHB Iván Miranda 0-0: Called Strike
0-1: Swinging Strike
0-2: SINGLE (Flyball, 4D)
Batting: RHB Justin Roberts 0-0: Ball
1-0: Called Strike
1-1: Swinging Strike
1-2: Strikes out swinging
Batting: RHB Shawn Hicks 0-0: Ball
1-0: Foul Ball, location: 2F
1-1: Foul Ball, location: 2F
1-2: 2-RUN HOME RUN (Line Drive, 7LD), Distance : 350 ft
Batting: RHB Sergio García 0-0: Ground out 6-3 (Groundball, 6)
Bottom of the 5th over - 2 run(s), 2 hit(s), 0 error(s), 0 left on base; Seattle 2 - San Bernardino 3
TOP OF THE 6TH
Seattle Terns batting - Pitching for San Bernardino Grasshoppers : RHP Louis Webber
Batting: LHB Juan Hernández 0-0: Ball
1-0: Ball
2-0: Called Strike
2-1: Foul Ball, location: 2F
2-2: Strikes out swinging
Batting: RHB Hank Kenney 0-0: Called Strike
0-1: Ground out 5-3 (Groundball, 56)
Batting: RHB Curt Pope 0-0: Ball
1-0: Ball
2-0: Swinging Strike
2-1: Ball
3-1: SINGLE (Line Drive, 4M)
Batting: RHB David Ramírez 0-0: Ball
1-0: Ball
2-0: Called Strike
2-1: Foul Ball, location: 2F
2-2: Ball
3-2: Base on Balls
Curt Pope to second
Batting: RHB Don McCord 0-0: Called Strike
0-1: Swinging Strike
0-2: Ball
1-2: Fly out, F9 (Line Drive, 89M)
Top of the 6th over - 0 run(s), 1 hit(s), 0 error(s), 2 left on base; Seattle 2 - San Bernardino 3
BOTTOM OF THE 6TH
San Bernardino Grasshoppers batting - Pitching for Seattle Terns : RHP Jorge Rivas
Batting: LHB Barton McCann 0-0: Ball
1-0: Foul Ball, location: 2F
1-1: DOUBLE (Flyball, 78M)
Batting: RHB Reggie Kahn 0-0: Ball
Wild Pitch!
Barton McCann to third
1-0: Fly out, F8 (Flyball, 8LS)
Batting: RHB Dave Nichols 0-0: Ball
1-0: Fly out, F9 (Flyball, 9M)
Runner from 3rd tags up, SCORES, no throw
Batting: RHB Chris Smith 0-0: Ball
1-0: Foul Ball, location: 2F
1-1: Ball
2-1: Foul Ball, location: 2F
2-2: Foul Ball, location: 2F
2-2: Fly out, F8 (Flyball, 8LM)
Bottom of the 6th over - 1 run(s), 1 hit(s), 0 error(s), 0 left on base; Seattle 2 - San Bernardino 4
TOP OF THE 7TH
Seattle Terns batting - Pitching for San Bernardino Grasshoppers : RHP Louis Webber
Batting: LHB Wilson Horton 0-0: Ball
1-0: Called Strike
1-1: Foul Ball, location: 2F
1-2: Foul Ball, location: 2F
1-2: Ball
2-2: Ball
3-2: Strikes out swinging
Batting: LHB Fred Cobb 0-0: Ball
1-0: Called Strike
1-1: Called Strike
1-2: Ball
2-2: Foul Ball, location: 2F
2-2: Fly out, F8 (Flyball, 8LM)
Batting: RHB Dustin O'Quinlevan 0-0: Swinging Strike
0-1: Foul Ball, location: 2F
0-2: Foul Ball, location: 2F
0-2: Ball
1-2: DOUBLE (Line Drive, 8RM)
Pitching: RHP José Gutiérrez
Batting: LHB Timmy Appeldoorn 0-0: Called Strike
0-1: Foul Ball, location: 2F
0-2: Strikes out looking
Top of the 7th over - 0 run(s), 1 hit(s), 0 error(s), 1 left on base; Seattle 2 - San Bernardino 4
BOTTOM OF THE 7TH
San Bernardino Grasshoppers batting - Pitching for Seattle Terns : RHP Jorge Rivas
Batting: RHB Ron Clark 0-0: Ball
1-0: Fly out, F3 (Popup, 3DF)
Batting: RHB Iván Miranda 0-0: Ball
1-0: Called Strike
1-1: Swinging Strike
1-2: Foul Ball, location: 2F
1-2: Foul Ball, location: 2F
1-2: Fly out, F3 (Line Drive, 3S)
Batting: RHB Justin Roberts 0-0: Called Strike
0-1: Ball
1-1: Ball
2-1: Foul Ball, location: 2F
2-2: Ball
3-2: Strikes out swinging
Bottom of the 7th over - 0 run(s), 0 hit(s), 0 error(s), 0 left on base; Seattle 2 - San Bernardino 4
TOP OF THE 8TH
Seattle Terns batting - Pitching for San Bernardino Grasshoppers : RHP José Gutiérrez
Now at C: Jason Weston
Now at 3B: Yoann Leroy
Batting: LHB Juan Hernández 0-0: Ball
1-0: Swinging Strike
1-1: Ball
2-1: Fly out, F5 (Popup, 25F)
Batting: RHB Hank Kenney 0-0: Called Strike
0-1: Ball
1-1: Foul Ball, location: 2F
1-2: Hit by Pitch
Pitching: RHP Richard Brown
Batting: RHB Curt Pope 0-0: Called Strike
0-1: Ball
1-1: Foul Ball, location: 2F
1-2: Strikes out looking
Batting: RHB David Ramírez 0-0: Ball
1-0: Ball
2-0: Called Strike
2-1: Fielders Choice at 2nd, U6 (Groundball, 6M)
Top of the 8th over - 0 run(s), 0 hit(s), 0 error(s), 1 left on base; Seattle 2 - San Bernardino 4
BOTTOM OF THE 8TH
San Bernardino Grasshoppers batting - Pitching for Seattle Terns : RHP Jorge Rivas
Batting: RHB Yoann Leroy 0-0: Called Strike
0-1: Fly out, F9 (Line Drive, 89S)
Batting: RHB Sergio García 0-0: Called Strike
0-1: Foul Ball, location: 2F
0-2: Strikes out looking
Batting: LHB Barton McCann 0-0: Fly out, F9 (Flyball, 9LSF)
Bottom of the 8th over - 0 run(s), 0 hit(s), 0 error(s), 0 left on base; Seattle 2 - San Bernardino 4
TOP OF THE 9TH
Seattle Terns batting - Pitching for San Bernardino Grasshoppers : RHP Richard Brown
Pitching: RHP César Rivera
Batting: RHB Don McCord 0-0: Called Strike
0-1: Ball
1-1: Fly out, F8 (Flyball, 8RM)
Batting: LHB Wilson Horton 0-0: Called Strike
0-1: Swinging Strike
0-2: Foul Ball, location: 2F
0-2: Ball
1-2: Ball
2-2: Strikes out swinging
Batting: LHB Fred Cobb 0-0: Ground out 4-3 (Groundball, 4)
Top of the 9th over - 0 run(s), 0 hit(s), 0 error(s), 0 left on base; Seattle 2 - San Bernardino 4
This league is powered by Out of the Park Baseball, the baseball management simulation game for PC, Mac and Linux
Monday, May 4th, 2015 - OOTP Baseball 15.6 Build 34